TOP OF THE 1ST |
Key West Barracudas batting - Pitching for New Hampshire Fisher Cats : RHP Felipe Valdomar
|
Pitching: RHP Felipe Valdomar
|
|
Batting: SHB Rodney Birling
|
0-0: Ground out 4-3 (Groundball, 34)
|
Batting: SHB Patrick Larson
|
0-0: Ball 1-0: Swinging Strike 1-1: Ball 2-1: Ball 3-1: Base on Balls
|
Batting: RHB Zander Tremblett
|
Pickoff Throw to First - Out! 0-0: DOUBLE (Line Drive, 7LS)
|
Batting: RHB Carlos Miranda
|
0-0: Ball 1-0: DOUBLE (Line Drive, 7LM) Zander Tremblett scores
|
Batting: RHB Luther Stoffels
|
0-0: Ground out 6-3 (Groundball, 6M)
|
Top of the 1st over - 1 run(s), 2 hit(s), 0 error(s), 1 left on base; Key West 1 - New Hampshire 0 |
BOTTOM OF THE 1ST |
New Hampshire Fisher Cats batting - Pitching for Key West Barracudas : LHP Pedro Santana
|
Pitching: LHP Pedro Santana
|
|
Batting: RHB Roberto Peña
|
0-0: Foul Ball, location: 2F 0-1: Ball 1-1: Foul Ball, location: 2F 1-2: Ball 2-2: Foul Ball, location: 2F 2-2: Fly out, F7 (Line Drive, 7LM)
|
Batting: RHB Phil Matthews
|
0-0: Ball 1-0: Ground out 5-3 (Groundball, 56)
|
Batting: RHB Keith Ford
|
0-0: SINGLE (Line Drive, 78S)
|
Batting: LHB Sam Barnes
|
0-0: Called Strike 0-1: Foul Ball, location: 2F 0-2: Ball 1-2: Fly out, F8 (Popup, 4MD)
|
Bottom of the 1st over - 0 run(s), 1 hit(s), 0 error(s), 1 left on base; Key West 1 - New Hampshire 0 |
TOP OF THE 2ND |
Key West Barracudas batting - Pitching for New Hampshire Fisher Cats : RHP Felipe Valdomar
|
Batting: LHB Jake Wells
|
0-0: Swinging Strike 0-1: Ball 1-1: Foul Ball, location: 2F 1-2: Strikes out swinging
|
Batting: RHB Kenny Cole
|
0-0: Ball 1-0: Ball 2-0: Ball 3-0: Base on Balls
|
Batting: RHB Alfredo Pineda
|
0-0: Ball 1-0: Ball 2-0: Swinging Strike 2-1: Foul Ball, location: 2F 2-2: Ball 3-2: Strikes out swinging
|
Batting: RHB Dan Craft
|
0-0: Called Strike 0-1: Ball Kenny Cole is caught stealing 2nd base
|
Top of the 2nd over - 0 run(s), 0 hit(s), 0 error(s), 0 left on base; Key West 1 - New Hampshire 0 |
BOTTOM OF THE 2ND |
New Hampshire Fisher Cats batting - Pitching for Key West Barracudas : LHP Pedro Santana
|
Batting: RHB Anthony Hezell
|
0-0: Called Strike 0-1: Called Strike 0-2: Strikes out swinging
|
Batting: RHB Scott Briggs
|
0-0: Ground out 6-3 (Groundball, 6)
|
Batting: RHB Júlio Trinidad
|
0-0: Ball 1-0: Called Strike 1-1: Foul Ball, location: 2F 1-2: Foul Ball, location: 2F 1-2: Strikes out swinging
|
Bottom of the 2nd over - 0 run(s), 0 hit(s), 0 error(s), 0 left on base; Key West 1 - New Hampshire 0 |
TOP OF THE 3RD |
Key West Barracudas batting - Pitching for New Hampshire Fisher Cats : RHP Felipe Valdomar
|
Batting: RHB Dan Craft
|
0-0: Ball 1-0: Fly out, F7 (Flyball, 7S)
|
Batting: SHB Rodney Birling
|
0-0: Ball 1-0: Called Strike 1-1: Ball 2-1: Foul Ball, location: 2F 2-2: Strikes out looking
|
Batting: SHB Patrick Larson
|
0-0: Foul Ball, location: 2F 0-1: Swinging Strike 0-2: Strikes out swinging
|
Top of the 3rd over - 0 run(s), 0 hit(s), 0 error(s), 0 left on base; Key West 1 - New Hampshire 0 |
BOTTOM OF THE 3RD |
New Hampshire Fisher Cats batting - Pitching for Key West Barracudas : LHP Pedro Santana
|
Batting: RHB Matt Silver
|
0-0: Ball 1-0: Called Strike 1-1: Fly out, F7 (Flyball, 78M)
|
Batting: RHB Brad French
|
0-0: Foul Ball, location: 2F 0-1: Ball 1-1: Ball 2-1: Foul Ball, location: 2F 2-2: Foul Ball, location: 2F 2-2: Fly out, F6 (Line Drive, 6M)
|
Batting: RHB Roberto Peña
|
0-0: Swinging Strike 0-1: SOLO HOME RUN (Flyball, 78XD), Distance : 421 ft
|
Batting: RHB Phil Matthews
|
0-0: Called Strike 0-1: Ball 1-1: Called Strike 1-2: Ground out 6-3 (Groundball, 6)
|
Bottom of the 3rd over - 1 run(s), 1 hit(s), 0 error(s), 0 left on base; Key West 1 - New Hampshire 1 |
TOP OF THE 4TH |
Key West Barracudas batting - Pitching for New Hampshire Fisher Cats : RHP Felipe Valdomar
|
Batting: RHB Zander Tremblett
|
0-0: Ground out U3 (Groundball, 3)
|
Batting: RHB Carlos Miranda
|
0-0: Ball 1-0: Called Strike 1-1: Fly out, F8 (Flyball, 8LS)
|
Batting: RHB Luther Stoffels
|
0-0: Ball 1-0: Called Strike 1-1: Called Strike 1-2: Strikes out swinging
|
Top of the 4th over - 0 run(s), 0 hit(s), 0 error(s), 0 left on base; Key West 1 - New Hampshire 1 |
BOTTOM OF THE 4TH |
New Hampshire Fisher Cats batting - Pitching for Key West Barracudas : LHP Pedro Santana
|
Batting: RHB Keith Ford
|
0-0: Fly out, F4 (Popup, 3F)
|
Batting: LHB Sam Barnes
|
0-0: Called Strike 0-1: Called Strike 0-2: Ball 1-2: Ball 2-2: Foul Ball, location: 2F 2-2: Fly out, F6 (Popup, 6MD)
|
Batting: RHB Anthony Hezell
|
0-0: Ground out 4-3 (Groundball, 4)
|
Bottom of the 4th over - 0 run(s), 0 hit(s), 0 error(s), 0 left on base; Key West 1 - New Hampshire 1 |
TOP OF THE 5TH |
Key West Barracudas batting - Pitching for New Hampshire Fisher Cats : RHP Felipe Valdomar
|
Batting: LHB Jake Wells
|
0-0: SINGLE (Groundball, 4M)
|
Batting: RHB Kenny Cole
|
0-0: Called Strike 0-1: Ball 1-1: Ball 2-1: Swinging Strike 2-2: Strikes out swinging
|
Batting: RHB Alfredo Pineda
|
0-0: Foul Ball, location: 2F 0-1: Ball 1-1: Swinging Strike 1-2: Ball 2-2: Strikes out swinging
|
Batting: RHB Dan Craft
|
0-0: Ball 1-0: Ball 2-0: Swinging Strike 2-1: Ball 3-1: Foul Ball, location: 2F 3-2: Strikes out swinging
|
Top of the 5th over - 0 run(s), 1 hit(s), 0 error(s), 1 left on base; Key West 1 - New Hampshire 1 |
BOTTOM OF THE 5TH |
New Hampshire Fisher Cats batting - Pitching for Key West Barracudas : LHP Pedro Santana
|
Batting: RHB Scott Briggs
|
0-0: Ball 1-0: Ball 2-0: Foul Ball, location: 2F 2-1: Ball 3-1: Foul Ball, location: 2F 3-2: Base on Balls
|
Batting: RHB Júlio Trinidad
|
0-0: Ball 1-0: Ball 2-0: Foul Ball, location: 2F 2-1: Called Strike 2-2: Strikes out looking
|
Batting: RHB Matt Silver
|
0-0: SINGLE (Line Drive, 7LS) Scott Briggs to second
|
Batting: RHB Brad French
|
0-0: Ball 1-0: Fly out, F9 (Line Drive, 89M)
|
Batting: RHB Roberto Peña
|
0-0: Called Strike 0-1: Swinging Strike 0-2: Strikes out looking
|
Bottom of the 5th over - 0 run(s), 1 hit(s), 0 error(s), 2 left on base; Key West 1 - New Hampshire 1 |
TOP OF THE 6TH |
Key West Barracudas batting - Pitching for New Hampshire Fisher Cats : RHP Felipe Valdomar
|
Batting: SHB Rodney Birling
|
0-0: Called Strike 0-1: Ground out 4-3 (Groundball, 34)
|
Batting: SHB Patrick Larson
|
0-0: Called Strike 0-1: Fly out, F8 (Flyball, 8RM)
|
Batting: RHB Zander Tremblett
|
0-0: Foul Ball, location: 2F 0-1: Ball 1-1: Ball 2-1: Foul Ball, location: 2F 2-2: Foul Ball, location: 2F 2-2: Strikes out looking
|
Top of the 6th over - 0 run(s), 0 hit(s), 0 error(s), 0 left on base; Key West 1 - New Hampshire 1 |
BOTTOM OF THE 6TH |
New Hampshire Fisher Cats batting - Pitching for Key West Barracudas : LHP Pedro Santana
|
Batting: RHB Phil Matthews
|
0-0: Ball 1-0: Ball 2-0: Ball 3-0: Base on Balls
|
Batting: RHB Keith Ford
|
0-0: Called Strike 0-1: Grounds into double play, 1-6-3 (Groundball, 13S)
|
Batting: LHB Sam Barnes
|
0-0: Ball 1-0: Ground out 4-3 (Groundball, 4)
|
Bottom of the 6th over - 0 run(s), 0 hit(s), 0 error(s), 0 left on base; Key West 1 - New Hampshire 1 |
TOP OF THE 7TH |
Key West Barracudas batting - Pitching for New Hampshire Fisher Cats : RHP Felipe Valdomar
|
Pinch Hitting: LHB Víctor Acevedo
|
0-0: Swinging Strike 0-1: Swinging Strike 0-2: Strikes out swinging
|
Batting: RHB Luther Stoffels
|
0-0: Ball 1-0: Fly out, F3 (Popup, 3DF)
|
Batting: LHB Jake Wells
|
0-0: Called Strike 0-1: Foul Ball, location: 2F 0-2: Ball 1-2: Strikes out swinging
|
Top of the 7th over - 0 run(s), 0 hit(s), 0 error(s), 0 left on base; Key West 1 - New Hampshire 1 |
BOTTOM OF THE 7TH |
New Hampshire Fisher Cats batting - Pitching for Key West Barracudas : LHP Pedro Santana
|
Now in CF: Víctor Acevedo
|
|
Batting: RHB Anthony Hezell
|
0-0: Ball 1-0: Called Strike 1-1: Ball 2-1: Ball 3-1: Ground out 1-3 (Groundball, 15)
|
Pinch Hitting: RHB Jim Tracy
|
0-0: Called Strike 0-1: Ball 1-1: Called Strike 1-2: Foul Ball, location: 2F 1-2: Ball 2-2: Fly out, F7 (Flyball, 7LM)
|
Pinch Hitting: RHB Lu-fang Huie
|
0-0: Ball 1-0: Ball 2-0: Called Strike 2-1: Ball 3-1: Called Strike 3-2: Fly out, F8 (Flyball, 8LS)
|
Bottom of the 7th over - 0 run(s), 0 hit(s), 0 error(s), 0 left on base; Key West 1 - New Hampshire 1 |
TOP OF THE 8TH |
Key West Barracudas batting - Pitching for New Hampshire Fisher Cats : RHP Felipe Valdomar
|
Now at 2B: Armando Guevara
|
|
Now at 3B: Jim Tracy
|
|
Batting: RHB Kenny Cole
|
0-0: Ball 1-0: Called Strike 1-1: Foul Ball, location: 2F 1-2: Ball 2-2: Foul Ball, location: 2F 2-2: Strikes out swinging
|
Pinch Hitting: LHB Arturo López
|
0-0: Swinging Strike 0-1: Swinging Strike 0-2: Strikes out looking
|
Batting: RHB Dan Craft
|
0-0: Ball 1-0: Called Strike 1-1: Ball 2-1: Ground out 6-3 (Groundball, 6)
|
Top of the 8th over - 0 run(s), 0 hit(s), 0 error(s), 0 left on base; Key West 1 - New Hampshire 1 |
BOTTOM OF THE 8TH |
New Hampshire Fisher Cats batting - Pitching for Key West Barracudas : LHP Pedro Santana
|
Now at 3B: Ramiro Gámez
|
|
Pinch Hitting: RHB Billy Campbell
|
0-0: Ball 1-0: Swinging Strike 1-1: Ball 2-1: Ball 3-1: Foul Ball, location: 2F 3-2: Foul Ball, location: 2F 3-2: Foul Ball, location: 2F 3-2: Base on Balls
|
Pitching: RHP Tom Clement
|
|
Batting: RHB Brad French
|
0-0: Foul Ball, location: 2F 0-1: Ball 1-1: Ball 2-1: SINGLE (Popup, 4MD) Billy Campbell to second
|
Pinch Hitting: LHB Gustavo Lozano
|
0-0: Swinging Strike 0-1: Called Strike 0-2: Ball 1-2: Strikes out swinging
|
Batting: RHB Phil Matthews
|
0-0: Ball 1-0: Ball 2-0: Foul Ball, location: 2F 2-1: Foul Ball, location: 2F 2-2: Strikes out swinging
|
Batting: RHB Keith Ford
|
0-0: SINGLE (Line Drive, 56) Billy Campbell to third Brad French to second
|
Pitching: LHP Lynn White
|
|
Pinch Hitting: RHB José Hernández
|
0-0: Foul Ball, location: 2F 0-1: Ball 1-1: Foul Ball, location: 2F 1-2: Ball 2-2: Ball 3-2: Base on Balls Billy Campbell scores Brad French to third Keith Ford to second
|
Pitching: RHP José García
|
|
Batting: RHB Anthony Hezell
|
0-0: Ball 1-0: Ball 2-0: Swinging Strike 2-1: Ground out 5-3 (Groundball, 5)
|
Bottom of the 8th over - 1 run(s), 2 hit(s), 0 error(s), 3 left on base; Key West 1 - New Hampshire 2 |
TOP OF THE 9TH |
Key West Barracudas batting - Pitching for New Hampshire Fisher Cats : RHP Felipe Valdomar
|
Pitching: LHP Carlos Berru
|
|
Now at C: Howard Daniel
|
|
Now at 2B: José Hernández
|
|
Now in CF: Roy Vanlandingham
|
|
Now in RF: Gustavo Lozano
|
|
Pinch Hitting: SHB Héctor Jiménez
|
0-0: Ball 1-0: Ball 2-0: Called Strike 2-1: Called Strike 2-2: Strikes out swinging
|
Batting: SHB Patrick Larson
|
0-0: Ball 1-0: Foul Ball, location: 2F 1-1: Ball 2-1: Fly out, F8 (Flyball, 8LM)
|
Batting: RHB Zander Tremblett
|
0-0: Ball 1-0: Ball 2-0: Ball 3-0: Called Strike 3-1: Base on Balls
|
Batting: LHB Víctor Acevedo
|
0-0: Called Strike 0-1: Ball 1-1: Called Strike 1-2: Ball 2-2: Strikes out looking
|
Top of the 9th over - 0 run(s), 0 hit(s), 0 error(s), 1 left on base; Key West 1 - New Hampshire 2 |
|